Map: Oxide LE

Players

Kelazhur

  • Race: Terran Terran

Cham - Winner!

  • Race: Zerg Zerg

Event: DreamHack SC2 Masters 2021 Fall

VOD

Have the link to the VOD?

Description

Time

  • Played on: July 30, 2021, 4:34 p.m.
  • Length: 11:22

All games in this series

Show
View Real Time Build Order
Export as new Build Order

Kelazhur Terran 

Build Orders: Reaper Expand, Hellion Banshee 

Get SALT Encoding   

  12  0:00  SCV  
  13  0:12  SCV  
  14  0:17  Supply Depot  
  14  0:24  SCV  
  15  0:39  SCV  
  15  0:41  Barracks  
  16  0:44  Refinery  
  16  0:51  SCV  
  17  1:03  SCV  
  18  1:15  SCV  
  19  1:27  Reaper, Orbital Command  
  20  1:39  Command Center  
  20  1:48  Supply Depot  
  20  1:53  SCV  
  21  1:59  Marine  
  22  2:04  Factory  
  22  2:07  SCV  
  23  2:19  SCV  
  23  2:21  Barracks Reactor  
  24  2:32  SCV  
  25  2:41  Command Center  
  25  2:44  SCV  
  26  2:50  Orbital Command  
  26  2:56  SCV  
  27  3:00  Starport  
  27  3:05  Hellion  
  29  3:09  Hellion  
  29  3:11  SCV  
  32  3:15  Barracks Tech Lab  
  32  3:16  SCV  
  33  3:23  SCV  
  33  3:25  Refinery  
  34  3:28  SCV  
  34  3:29  Hellion  
  34  3:32  Hellion  
  39  3:36  SCV  
  39  3:40  SCV  
  42  3:48  SCV  
  42  3:52  SCV  
  47  3:55  Banshee, Hellion  
  47  3:56  Hellion  
  47  3:57  Orbital Command  
  47  4:00  SCV  
  51  4:04  SCV  
  51  4:05  Barracks Tech Lab  
  51  4:06  Supply Depot  
  52  4:12  SCV  
  52  4:17  SCV  
  54  4:22  Hellion x2  
  54  4:24  SCV x2  
  59  4:25  Marine  
  59  4:26  Stimpack  
  59  4:28  Supply Depot  
  59  4:29  SCV  
  62  4:36  SCV  
  62  4:37  SCV  
  64  4:46  SCV  
  64  4:47  Starport Reactor  
  64  4:48  Refinery, SCV  
  64  4:49  Barracks  
  64  4:50  Refinery, Barracks  
  64  4:52  Marine, Supply Depot, SCV  
  68  4:55  Siege Tank  
  71  5:01  SCV  
  71  5:05  SCV, Engineering Bay x2  
  73  5:11  SCV  
  74  5:16  Marine  
  74  5:17  SCV  
  76  5:21  Barracks  
  76  5:23  Barracks  
  76  5:24  SCV  
  77  5:28  SCV  
  77  5:33  SCV  
  79  5:36  Siege Tank  
  79  5:39  Marine x3  
  79  5:40  Orbital Command  
  85  5:44  Starport Reactor  
  85  5:45  Marine  
  85  5:46  SCV, Supply Depot  
  85  5:51  Supply Depot x2  
  85  5:52  Terran Infantry Weapons Level 1  
  85  5:54  Terran Infantry Armor Level 1  
  85  6:06  Armory  
  85  6:08  Marine x4, SCV x2  
  85  6:11  Marine  
  91  6:13  Barracks Reactor x2  
  91  6:14  Siege Tank  
  91  6:15  SCV  
  96  6:20  SCV  
  96  6:22  Medivac x2  
  96  6:23  SCV  
  100  6:26  Marine  
  100  6:27  Marine x2, SCV  
  100  6:30  Marine  
  100  6:32  SCV, Bunker  
  103  6:35  SCV  
  103  6:38  Marine  
  105  6:41  SCV  
  105  6:43  Marine, Combat Shield  
  105  6:44  Marine  
  105  6:46  SCV  
  109  6:53  Supply Depot  
  109  6:54  Supply Depot  
  109  6:55  Supply Depot  
  109  7:11  Marine  
  109  7:12  Marine x2  
  109  7:15  Marine x5, Medivac x2, Siege Tank  
  121  7:16  Marine  
  119  7:29  Marine  
  113  7:30  Marine x2, SCV  
  113  7:31  SCV  
  113  7:32  Marine x4  
  113  7:33  Marine  
  113  7:37  Marine, Missile Turret x2  
  117  7:40  Missile Turret  
  113  7:46  Marine  
  113  7:47  Siege Tank  
  113  7:48  Marine x2  
  113  7:50  Marine  
  108  7:53  Marine  
  108  7:55  Marine x2  
  108  7:56  Marine x2  
  108  7:57  SCV x3  
  110  8:02  Terran Infantry Weapons Level 2  
  110  8:04  Marine  
  110  8:05  Marine x2  
  110  8:08  Marine  
  110  8:09  SCV x3  
  110  8:11  Marine  
  117  8:14  Marine x2  
  117  8:15  Marine  
  116  8:21  SCV x2  
  116  8:23  Marine, Terran Infantry Armor Level 2  
  113  8:31  Marine  
  113  8:32  Marine x7  
  113  8:34  SCV  
  97  8:39  Medivac, Siege Tank  
  97  8:41  Marine  
  95  8:49  Marine x4  
  95  8:50  Marine x2  
  95  8:53  Marine x2  
  103  8:56  Missile Turret  
  103  8:58  SCV x3  
  103  8:59  Marine  
  107  9:07  Marine x4  
  111  9:12  Factory  
  111  9:18  Marine x5  
  116  9:25  Marine, Supply Depot x2  
  116  9:26  Supply Depot  
  116  9:27  Marine x2, Widow Mine, Drilling Claws  
  121  9:32  Supply Depot  
  121  9:34  Supply Depot  
  121  9:35  Refinery  
  121  9:36  Marine  
  121  9:37  Marauder  
  124  9:39  Supply Depot  
  124  9:44  Marine  
  125  9:46  Marine x6  
  125  9:51  Widow Mine  
  133  9:54  Marine  
  133  9:56  Supply Depot  
  134  10:00  Marine  
  132  10:11  Factory Reactor  
  132  10:13  Marine x5, Widow Mine  
  139  10:14  Marine  
  139  10:15  Command Center  
  139  10:18  Marauder  
  139  10:20  Medivac x2  
  140  10:22  Command Center  
  140  10:25  Marine  
  140  10:26  Marine  
  80  10:37  Marine x4  
  80  10:40  SCV  
  79  10:43  Marine  
  79  10:47  Marine x4  
  66  10:55  Marine x4  
Show
View Real Time Build Order
Export as new Build Order

Cham Zerg - Winner!

Build Orders: Hatch First, Muta Ling Bane 

Get SALT Encoding   

  12  0:00  Drone  
  13  0:09  Drone  
  14  0:19  Overlord  
  14  0:37  Drone x2  
  16  0:47  Hatchery  
  15  0:50  Drone  
  15  0:55  Drone  
  17  1:01  Drone  
  18  1:12  Spawning Pool  
  18  1:15  Extractor  
  18  1:16  Drone  
  17  1:21  Drone  
  18  1:32  Drone  
  19  1:43  Drone  
  20  1:53  Drone  
  21  1:59  Queen x2  
  21  2:00  Zergling x2  
  26  2:03  Zergling x2  
  27  2:13  Drone  
  27  2:14  Overlord  
  28  2:22  Hatchery  
  27  2:29  Drone  
  28  2:35  Drone  
  29  2:40  Metabolic Boost  
  29  2:42  Queen  
  31  2:48  Drone, Overlord  
  32  2:52  Drone  
  32  2:53  Drone  
  32  2:55  Drone  
  35  3:01  Overlord  
  35  3:04  Drone  
  36  3:11  Drone x3  
  39  3:13  Drone x2  
  39  3:14  Drone  
  39  3:16  Drone  
  43  3:24  Queen  
  45  3:27  Overlord  
  45  3:33  Queen  
  47  3:36  Overlord  
  47  3:40  Baneling Nest  
  46  3:43  Queen  
  46  3:47  Drone  
  49  3:53  Drone  
  50  3:56  Drone x3  
  50  3:57  Drone x2  
  50  3:58  Drone x2  
  58  4:02  Drone  
  58  4:03  Drone  
  58  4:04  Drone  
  58  4:07  Zergling x2  
  58  4:09  Zergling x2  
  62  4:11  Zergling x2  
  62  4:15  Drone  
  64  4:19  Queen  
  64  4:22  Zergling x2, Drone  
  68  4:25  Lair, Drone  
  68  4:29  Extractor, Zergling x2  
  69  4:31  Zergling x2  
  69  4:32  Drone  
  69  4:34  Drone x2  
  69  4:37  Zergling x2  
  74  4:42  Overlord  
  74  4:43  Spore Crawler, Extractor  
  74  4:44  Spore Crawler  
  71  4:45  Spore Crawler  
  71  4:47  Drone  
  71  4:50  Drone x3  
  74  4:59  Baneling x3  
  74  5:00  Baneling, Drone x2  
  74  5:01  Drone x3  
  74  5:03  Baneling, Overlord  
  79  5:11  Drone x3  
  79  5:12  Extractor x2  
  80  5:15  Extractor, Drone x2  
  80  5:17  Drone  
  82  5:21  Zergling x2, Overlord  
  82  5:22  Zergling x2, Drone, Hatchery  
  84  5:33  Spire  
  82  5:37  Overlord  
  82  5:39  Drone x2  
  82  5:40  Overlord  
  84  5:43  Drone x3  
  84  5:44  Drone x3  
  84  5:45  Overlord  
  84  5:46  Drone  
  84  5:49  Centrifical Hooks  
  91  5:54  Drone x2  
  91  5:55  Evolution Chamber  
  91  5:56  Evolution Chamber  
  91  5:57  Zergling x2  
  91  5:59  Overlord  
  92  6:06  Zergling x6  
  92  6:07  Zergling x4  
  97  6:14  Overlord  
  97  6:16  Overlord  
  97  6:19  Baneling x3  
  97  6:21  Baneling x2  
  97  6:22  Zergling x12  
  97  6:24  Overlord  
  103  6:34  Overlord  
  103  6:45  Mutalisk x2  
  103  6:46  Mutalisk x6  
  119  6:50  Mutalisk  
  119  6:52  Overlord  
  119  6:53  Zergling x4  
  123  6:55  Overlord  
  123  6:56  Zergling x2  
  123  6:58  Mutalisk  
  126  7:02  Zergling x6  
  126  7:03  Zergling x4  
  126  7:05  Baneling x6  
  126  7:06  Zergling x4  
  133  7:19  Mutalisk x2  
  133  7:23  Zergling x14  
  133  7:26  Zergling x2  
  134  7:30  Zergling x2  
  134  7:32  Baneling x10  
  134  7:38  Zergling x8  
  134  7:39  Zergling x4  
  134  7:41  Baneling x3  
  134  7:42  Baneling x3  
  134  7:43  Zergling x2  
  134  7:44  Zergling x2  
  137  7:57  Zergling x8  
  137  7:58  Mutalisk x2  
  133  7:59  Zergling x2  
  133  8:01  Mutalisk  
  133  8:02  Zergling x2  
  133  8:03  Overlord x2  
  141  8:07  Drone  
  141  8:08  Drone x5  
  141  8:10  Drone x2  
  141  8:12  Drone  
  149  8:21  Drone x2  
  149  8:22  Drone x2  
  145  8:29  Mutalisk x2  
  145  8:30  Zergling x4  
  133  8:37  Mutalisk x2  
  133  8:38  Zergling x14  
  141  8:42  Zergling x6  
  141  8:49  Zergling x4, Mutalisk x2  
  141  8:50  Zergling x2  
  141  8:52  Zerg Ground Armor Level 1  
  141  8:54  Zergling x2  
  149  8:56  Hatchery  
  149  8:58  Extractor  
  149  8:59  Extractor, Zerg Melee Weapons Level 1  
  149  9:01  Zergling x8  
  150  9:04  Zerg Flyer Weapons Level 1  
  150  9:05  Zergling x14  
  150  9:09  Zergling x2  
  158  9:10  Zergling x4  
  158  9:16  Mutalisk x3  
  164  9:18  Zergling x2  
  165  9:26  Mutalisk  
  165  9:27  Zergling x2  
  165  9:28  Zergling x8  
  165  9:30  Zergling x2  
  173  9:32  Drone  
  173  9:33  Baneling x2, Drone x3  
  173  9:34  Baneling x5  
  173  9:35  Drone x3  
  180  9:39  Zergling x8  
  184  9:48  Baneling x10  
  184  9:52  Overlord  
  184  9:53  Overlord  
  184  9:54  Overlord x2  
  184  9:56  Overlord  
  184  9:57  Infestation Pit, Pneumatized Carapace  
  184  9:58  Overseer  
  183  10:01  Overlord x3  
  183  10:09  Zergling x2  
  183  10:10  Zergling x2, Overlord  
  183  10:21  Zergling x22  
  182  10:22  Zergling x4  
  186  10:32  Mutalisk x3  
  186  10:33  Zergling x4  
  179  10:37  Zergling x12  
  178  10:43  Mutalisk x2  
  178  10:44  Zergling x2  
  177  10:51  Zergling x6  
  177  10:52  Zergling x2  

Tags
 
Add a new tag
Caveats
  • Supply blocks, unpowered buildings, or Contaminate may cause inaccurate times.
  • Supply counts are checked every 10 seconds.